Map: [ESL] Royal Blood

Players

Rex - Winner!

  • Race: Zerg Zerg
  • Spawn Location: 7:00

GogojOey

  • Race: Zerg Zerg
  • Spawn Location: 1:00

Event: ESL SC2 Masters 2023 Summer (Regionals)

VOD

Have the link to the VOD?

Description

Time

  • Played on: May 6, 2023, 7:12 a.m.
  • Length: 9:41

All games in this series

Show
View Real Time Build Order
Export as new Build Order

Rex Zerg - Winner!

Build Orders: Hatch First 

Get SALT Encoding   

  12  0:00  Drone  
  13  0:12  Overlord  
  13  0:16  Drone  
  14  0:30  Drone x2  
  16  0:47  Hatchery  
  15  0:50  Drone  
  15  0:53  Drone  
  17  0:57  Drone  
  18  1:07  Extractor  
  17  1:12  Spawning Pool  
  17  1:16  Drone  
  17  1:18  Drone  
  18  1:27  Drone  
  19  1:39  Drone  
  20  1:49  Drone  
  21  1:59  Queen x2  
  21  2:00  Zergling x2  
  26  2:01  Overlord  
  26  2:11  Drone x2  
  26  2:12  Metabolic Boost  
  28  2:21  Drone x2  
  30  2:33  Hatchery  
  29  2:39  Queen  
  29  2:42  Drone  
  32  2:44  Drone  
  33  2:52  Overlord, Evolution Chamber  
  32  3:02  Drone x3  
  35  3:15  Drone x6  
  41  3:22  Zerg Ground Armor Level 1  
  41  3:26  Overlord  
  41  3:30  Extractor  
  40  3:34  Roach Warren  
  40  3:38  Drone x2  
  40  3:39  Drone  
  42  3:45  Zergling x4  
  42  3:46  Zergling x4  
  46  3:52  Zergling x6  
  46  3:54  Zergling x2  
  49  3:56  Zergling x2  
  50  4:15  Roach x4  
  50  4:16  Overlord x2  
  58  4:17  Overlord  
  57  4:31  Overlord  
  57  4:35  Zergling x18  
  57  4:38  Zergling x2  
  67  4:40  Zergling x2  
  67  4:44  Drone, Zergling x2  
  67  5:01  Hatchery  
  67  5:02  Zergling x10, Ravager  
  67  5:04  Zergling x2  
  73  5:07  Ravager  
  73  5:13  Zergling x2, Lair  
  74  5:14  Zergling x2  
  74  5:17  Zergling x2  
  74  5:20  Ravager  
  74  5:21  Ravager  
  78  5:22  Drone, Zergling x2  
  78  5:27  Zergling x4  
  82  5:29  Zergling x2  
  83  5:36  Overlord x2  
  83  5:41  Overlord  
  83  5:44  Extractor  
  82  5:53  Overlord  
  82  5:54  Drone x6  
  82  5:55  Extractor  
  87  5:58  Drone  
  87  6:00  Drone  
  87  6:03  Zerg Missile Weapons Level 1  
  87  6:06  Zergling x2  
  87  6:09  Zergling x2  
  87  6:10  Zergling x2  
  87  6:11  Zergling x2  
  88  6:26  Roach x5  
  88  6:27  Overseer  
  88  6:29  Glial Reconstitution  
  88  6:32  Drone  
  99  6:35  Drone, Overlord  
  99  6:38  Roach  
  104  6:40  Roach  
  104  6:43  Roach  
  104  6:47  Overlord  
  106  6:48  Drone x2  
  106  6:52  Roach  
  110  6:55  Roach, Overseer  
  110  6:58  Overseer  
  110  6:59  Drone  
  110  7:00  Drone  
  114  7:03  Drone x2  
  116  7:09  Roach x2  
  116  7:11  Roach  
  116  7:13  Roach  
  124  7:16  Roach  
  124  7:20  Overlord  
  124  7:22  Roach, Drone  
  129  7:25  Roach  
  129  7:27  Roach  
  129  7:29  Roach  
  135  7:32  Overlord  
  135  7:33  Roach  
  137  7:38  Overlord  
  137  7:39  Roach  
  137  7:41  Roach  
  137  7:43  Roach  
  143  7:46  Roach  
  143  7:49  Roach  
  143  7:50  Overlord  
  145  7:52  Ravager x2  
  145  7:56  Roach x2  
  153  7:58  Roach  
  153  8:04  Zergling x2  
  153  8:05  Roach  
  149  8:06  Roach  
  149  8:07  Roach x2  
  149  8:09  Roach  
  149  8:12  Drone  
  132  8:13  Drone  
  132  8:14  Zergling x2  
  132  8:16  Roach  
  132  8:17  Ravager  
  130  8:23  Zergling x10  
Show
View Real Time Build Order
Export as new Build Order

GogojOey Zerg 

Build Orders: Hatch First 

Get SALT Encoding   

  12  0:00  Drone  
  13  0:12  Overlord  
  13  0:17  Drone  
  14  0:30  Drone  
  14  0:31  Drone  
  16  0:47  Hatchery  
  15  0:52  Drone  
  15  0:55  Drone  
  17  0:59  Drone  
  18  1:09  Extractor  
  17  1:14  Spawning Pool  
  17  1:17  Drone  
  17  1:20  Drone  
  18  1:28  Drone  
  19  1:38  Drone  
  20  1:49  Drone  
  21  1:54  Evolution Chamber  
  21  1:59  Drone  
  21  2:01  Queen x2  
  25  2:04  Overlord  
  25  2:10  Drone  
  25  2:11  Drone  
  27  2:21  Zerg Missile Weapons Level 1  
  27  2:22  Drone x2  
  29  2:31  Drone  
  29  2:32  Overlord  
  30  2:38  Queen  
  30  2:43  Drone x2  
  34  2:50  Evolution Chamber  
  33  2:55  Roach Warren  
  32  3:00  Drone x2  
  32  3:04  Drone x2  
  36  3:10  Drone x3  
  39  3:15  Drone x2  
  39  3:19  Overlord  
  41  3:23  Overlord  
  41  3:39  Roach x3  
  47  3:41  Roach x3  
  47  3:47  Roach x3  
  59  3:53  Overlord  
  59  3:55  Drone  
  60  3:59  Extractor  
  60  4:01  Extractor  
  58  4:04  Drone  
  59  4:11  Lair  
  59  4:13  Drone  
  59  4:16  Hatchery  
  59  4:17  Drone x2  
  59  4:23  Extractor  
  60  4:26  Drone x3  
  60  4:30  Overlord  
  63  4:33  Roach x2  
  65  4:39  Evolution Chamber  
  64  4:46  Drone x4  
  64  4:49  Roach x2  
  70  4:57  Roach x2  
  66  5:00  Spine Crawler  
  66  5:04  Evolution Chamber  
  66  5:05  Roach  
  64  5:08  Roach  
  64  5:13  Zerg Missile Weapons Level 2  
  62  5:20  Roach  
  62  5:21  Roach x3  
  71  5:24  Overlord  
  71  5:29  Roach x2  
  71  5:33  Spine Crawler  
  74  5:38  Roach Warren  
  74  5:41  Roach  
  75  5:49  Roach  
  79  5:50  Roach x2  
  79  5:56  Evolution Chamber  
  78  5:57  Evolution Chamber  
  75  6:04  Overlord x2  
  75  6:21  Roach x4  
  75  6:22  Overlord x2  
  75  6:23  Glial Reconstitution  
  83  6:26  Roach  
  85  6:40  Roach  
  85  6:44  Hatchery  
  86  6:48  Roach x3  
  92  6:57  Roach x3  
  98  7:03  Overlord  
  98  7:04  Roach  
  98  7:05  Ravager x2  
  102  7:11  Roach x2  
  102  7:13  Roach  
  108  7:17  Overlord  
  108  7:24  Roach  
  108  7:26  Ravager x2  
  112  7:33  Roach x2  
  116  7:38  Roach x4  
  124  7:49  Overlord x2  
  124  7:59  Roach x3  
  124  8:09  Roach  
  124  8:10  Roach x5  
  92  8:14  Roach x2  
  78  8:21  Roach x2  
Tags
 
Add a new tag
Caveats
  • Supply blocks, unpowered buildings, or Contaminate may cause inaccurate times.
  • Supply counts are checked every 10 seconds.